Unix NetHack Version 3.7.0-51 Work-in-progress - last build Mar 7 2022 13:06:07 (ce1e6a145e5d3e7dd6f4b57ba37794bc207988de,branch:master). Game began 2022-03-07 22:11:04, ended 2022-03-07 22:29:33. spontiff, neutral male gnomish Healer ----------- -------- |.........| |.......##### |..........# #-......| # ------------- |.........|# #|......| ## |........:..-# |.........|# #----.--- # ------ ##............|### ------|----## ## # # |....| # |...........-################ # # # ##.....| # ------------- # ## # # ## # |....| # # #### # ###############-....| # # ## # # ## --|--- # ## ##### # ################ # # # # # ##### # # ### # # ##------# # ## # #####|....|# -----# #-----------.- ##.....-# |@.:.# #|...........| #|....| |...| #-......>.....######0.....| ----- ------------- ------ Spontiff the Rhizotomist St:10 Dx:10 Co:16 In:7 Wi:17 Ch:16 Neutral S:314 Dlvl:1 $:1283 HP:10(25) Pw:4(5) AC:8 Xp:1/1 T:1883 Latest messages: There is a partly eaten jackal corpse here; eat it? [ynq] (n) y You resume your meal. You finish eating the jackal corpse. What do you want to eat? [nyQ or ?*] Q This lichen corpse tastes terrible! You finish eating the lichen corpse. What do you want to use or apply? [hsJS or ?*] s In what direction? n Status of the housecat (neutral): Level 5 HP 21(40) AC 5, tame. You kill the sewer rat! oh ffs: unknown extended command. You swap places with your housecat. Where do you want to travel to? (For instructions type a '?') Wait! That's a small mimic! The jackal bites! The small mimic hits! The jackal bites! The jackal bites! The jackal bites! The housecat misses the jackal. The jackal bites! The housecat bites the jackal. The jackal misses the housecat. The housecat bites the jackal. The jackal is killed! Your housecat grows up into a large cat. In what direction? h The large cat looks better. What do you want to use or apply? [hsJS or ?*] s In what direction? j Status of the large cat (neutral): Level 6 HP 38(41) AC 4, tame. You hear someone cursing shoplifters. The large cat misses the small mimic. The large cat misses the small mimic. What do you want to use or apply? [hsJS or ?*] s In what direction? k Status of the large cat (neutral): Level 6 HP 39(41) AC 4, tame. The large cat misses the small mimic. What do you want to use or apply? [hsJS or ?*] s In what direction? b Status of the small mimic (neutral): Level 6 HP 12(35) AC 7. The large cat bites the small mimic. The large cat misses the small mimic. You climb up the stairs. Where do you want to travel to? (For instructions type a '?') Beware, there will be no return! Still climb? [yn] (n) y Do you want your possessions identified? [ynq] (y) y Do you want to see the dungeon overview? [ynq] (y) q Major events: Turn 1: spontiff the neutral male gnomish Healer entered the dungeon 930: entered the Gnomish Mines 1883: escaped Inventory: Coins $ - 1283 gold pieces Weapons W - a cursed -1 dart k - an uncursed +1 orcish dagger (alternate weapon; not wielded) Armor g - an uncursed +1 pair of leather gloves (being worn) Comestibles y - 7 uncursed apples n - 2 uncursed food rations Scrolls o - an uncursed scroll of charging v - a cursed scroll of create monster N - an uncursed scroll of enchant weapon I - a blessed scroll of identify w - an uncursed scroll of magic mapping Spellbooks h - a blessed spellbook of healing Potions C - 3 uncursed potions of extra healing c - an uncursed potion of healing z - an uncursed potion of paralysis H - a blessed potion of restore ability Wands S - an uncursed wand of sleep (0:6) J - an uncursed wand of slow monster (0:8) Tools s - an uncursed stethoscope Spontiff the Healer's attributes: Background: You were a Rhizotomist, a level 1 male gnomish Healer. You were neutral, on a mission for Hermes who was opposed by Athena (lawful) and Poseidon (chaotic). You were in the Dungeons of Doom, on level 1. You entered the dungeon 1883 turns ago. It was nighttime. You had 1 experience point, 19 more were needed to attain level 2. Your score was 314 before end-of-game adjustments. Basics: You had 10 out of 25 hit points. You had 4 out of 5 energy points (spell power). Your armor class was 8. Your wallet contained 1283 zorkmids. Autopickup was on for '$!/="?' plus thrown, with exceptions. Final Characteristics: Your strength was 10 (limit:18/50). Your dexterity was 10 (limit:18). Your constitution was 16 (limit:18). Your intelligence was 7 (limit:19). Your wisdom was 17 (limit:18). Your charisma was 16 (limit:18). Final Status: You were not hungry. You were unencumbered. You were empty handed. You were unskilled in bare handed combat. Final Attributes: You were devoutly aligned. You were poison resistant. You had infravision. You survived. Miscellaneous: You never encountered a bones level. Total elapsed playing time was 18 minutes and 29 seconds. Vanquished creatures: a hobbit a yellow mold 14 jackals a kobold 4 goblins 2 sewer rats 4 grid bugs 7 lichens 5 newts 39 creatures vanquished. No species were genocided or became extinct. Voluntary challenges: You never hit with a wielded weapon. You read items or engraved 1 time. You never engraved Elbereth. You never genocided any monsters. You never polymorphed an object. You never changed form. You used no wishes. Achievements: You entered a shop. You entered the Gnomish Mines. The Dungeons of Doom: levels 1 to 4 Level 1: <- You left from here. Level 2: A general store, a fountain. Stairs down to The Gnomish Mines. Level 3: Level 4: The Gnomish Mines: Level 3: Goodbye spontiff the Healer... You escaped from the dungeon with 314 points, and 1283 pieces of gold, after 1883 moves. You were level 1 with a maximum of 25 hit points when you escaped.